| TOP OF THE 1ST |
|
Memphis Redbirds batting - Pitching for Iowa Cubs : LHP Jesse Fields
|
|
Pitching: LHP Jesse Fields
|
|
|
Batting: RHB Joe Smack
|
0-0: Ball 1-0: Called Strike 1-1: Foul Ball, location: 2F 1-2: Ball 2-2: Foul Ball, location: 2F 2-2: Ball 3-2: Base on Balls
|
|
Batting: RHB Josh Martin
|
0-0: Ball Joe Smack is caught stealing 2nd base 2-4 1-0: Ground out 1-3 (Groundball, 13, EV 70.0 MPH)
|
|
Batting: RHB Jeff Brower
|
0-0: Ball 1-0: Fly out, F7 (Flyball, 7LS, EV 88.8 MPH)
|
| Top of the 1st over - 0 runs, 0 hits, 0 errors, 0 left on base; Memphis 0 - Iowa 0 |
| BOTTOM OF THE 1ST |
|
Iowa Cubs batting - Pitching for Memphis Redbirds : LHP John Fisher
|
|
Pitching: LHP John Fisher
|
|
|
Batting: SHB Seung-ho Zhang
|
0-0: Ball 1-0: Foul Ball, location: 2F 1-1: Ball 2-1: Ball 3-1: Called Strike 3-2: Ground out 5-3 (Groundball, 56, EV 86.9 MPH)
|
|
Batting: RHB Jon Aguilar
|
0-0: Ball 1-0: Called Strike 1-1: Ball 2-1: Swinging Strike 2-2: Strikes out swinging
|
|
Batting: RHB Ricardo Aguinaga
|
0-0: Ball 1-0: Swinging Strike 1-1: Foul Ball, location: 2F 1-2: Ball 2-2: Foul Ball, location: 2F 2-2: Strikes out looking
|
| Bottom of the 1st over - 0 runs, 0 hits, 0 errors, 0 left on base; Memphis 0 - Iowa 0 |
| TOP OF THE 2ND |
|
Memphis Redbirds batting - Pitching for Iowa Cubs : LHP Jesse Fields
|
|
Batting: RHB Danny Gallo
|
0-0: Ball 1-0: Ball 2-0: Ball 3-0: Base on Balls
|
|
Batting: RHB Fabrice Bertin
|
0-0: Swinging Strike 0-1: Ball 1-1: Swinging Strike 1-2: Strikes out swinging
|
|
Batting: LHB Adam Eisen
|
0-0: Foul Ball, location: 2F 0-1: Called Strike Danny Gallo steals 2nd base 0-2: Ball 1-2: Ground out 6-3 (Groundball, 6S, EV 80.0 MPH) Danny Gallo to third
|
|
Batting: RHB Jose Rivera
|
0-0: Ball 1-0: Foul Ball, location: 2F 1-1: Ball 2-1: Called Strike 2-2: Ball 3-2: Base on Balls
|
|
Batting: LHB Kyle Schaible
|
0-0: Ball 1-0: Called Strike 1-1: Ball 2-1: Ball 3-1: DOUBLE (Flyball, 7LD, EV 92.5 MPH) Danny Gallo scores Jose Rivera to third Runner from 3rd tries for Home, SAFE, no throw by LF
|
|
Batting: LHB John Bailey
|
0-0: Ball 1-0: Ball 2-0: Called Strike 2-1: Foul Ball, location: 2F 2-2: Ball 3-2: Ground out 1-3 (Groundball, 15S, EV 70.6 MPH)
|
| Top of the 2nd over - 2 runs, 1 hit, 0 errors, 1 left on base; Memphis 2 - Iowa 0 |
| BOTTOM OF THE 2ND |
|
Iowa Cubs batting - Pitching for Memphis Redbirds : LHP John Fisher
|
|
Batting: RHB Adam O'Hare
|
0-0: Ball 1-0: Ball 2-0: Called Strike 2-1: Called Strike 2-2: Strikes out looking
|
|
Batting: RHB Brian Gargis
|
0-0: Ball 1-0: Ball 2-0: Ball 3-0: SINGLE (Groundball, 56D, EV 97.5 MPH)
|
|
Batting: RHB Rich Thurman
|
0-0: Ball Wild Pitch! Brian Gargis to second 1-0: Ball 2-0: Fly out, F7 (Flyball, 7LM, EV 98.8 MPH)
|
|
Batting: LHB Mark Ingram
|
0-0: Called Strike 0-1: Swinging Strike 0-2: Ball 1-2: Ball 2-2: Ground out 4-3 (Groundball, 34, EV 105.6 MPH)
|
| Bottom of the 2nd over - 0 runs, 1 hit, 0 errors, 1 left on base; Memphis 2 - Iowa 0 |
| TOP OF THE 3RD |
|
Memphis Redbirds batting - Pitching for Iowa Cubs : LHP Jesse Fields
|
|
Batting: RHB Joe Smack
|
0-0: Called Strike 0-1: Called Strike 0-2: Strikes out looking
|
|
Batting: RHB Josh Martin
|
0-0: Ball 1-0: Called Strike 1-1: Swinging Strike 1-2: Strikes out looking
|
|
Batting: RHB Jeff Brower
|
0-0: Called Strike 0-1: Swinging Strike 0-2: Ball 1-2: Foul Ball, location: 2F 1-2: Strikes out swinging
|
| Top of the 3rd over - 0 runs, 0 hits, 0 errors, 0 left on base; Memphis 2 - Iowa 0 |
| BOTTOM OF THE 3RD |
|
Iowa Cubs batting - Pitching for Memphis Redbirds : LHP John Fisher
|
|
Batting: SHB Gabriel Cruz
|
0-0: Called Strike 0-1: Ball 1-1: Ball 2-1: Ball 3-1: Swinging Strike 3-2: Strikes out looking
|
|
Batting: RHB Pat Barton
|
0-0: Swinging Strike 0-1: Ball 1-1: Ground out 5-3 (Groundball, 56S, EV 82.5 MPH)
|
|
Batting: SHB Seung-ho Zhang
|
0-0: Called Strike 0-1: Foul Ball, location: 2F 0-2: Foul Ball, location: 2F 0-2: Ball 1-2: Ball 2-2: Strikes out swinging
|
| Bottom of the 3rd over - 0 runs, 0 hits, 0 errors, 0 left on base; Memphis 2 - Iowa 0 |
| TOP OF THE 4TH |
|
Memphis Redbirds batting - Pitching for Iowa Cubs : LHP Jesse Fields
|
|
Batting: RHB Danny Gallo
|
0-0: Called Strike 0-1: Ball 1-1: Fly out, F8 (Flyball, 78M, EV 80.6 MPH)
|
|
Batting: RHB Fabrice Bertin
|
0-0: Called Strike 0-1: Ball 1-1: Ball 2-1: Ball 3-1: Reached on error, E6 (Groundball, 6, EV 107.5 MPH)
|
|
Batting: LHB Adam Eisen
|
0-0: Ball 1-0: Fielders Choice at 2nd, 5-4 (Groundball, 5, EV 89.4 MPH)
|
|
Batting: RHB Jose Rivera
|
0-0: Ball 1-0: Called Strike 1-1: Ball Adam Eisen steals 2nd base (no throw) 2-1: Foul Ball, location: 2F 2-2: Foul Ball, location: 2F 2-2: Ground out U3 (Groundball, 3, EV 101.9 MPH)
|
| Top of the 4th over - 0 runs, 0 hits, 1 error, 1 left on base; Memphis 2 - Iowa 0 |
| BOTTOM OF THE 4TH |
|
Iowa Cubs batting - Pitching for Memphis Redbirds : LHP John Fisher
|
|
Batting: RHB Jon Aguilar
|
0-0: Swinging Strike 0-1: Foul Ball, location: 2F 0-2: Foul Ball, location: 2F 0-2: Strikes out swinging
|
|
Batting: RHB Ricardo Aguinaga
|
0-0: Ground out 5-3 (Groundball, 56, EV 83.1 MPH)
|
|
Batting: RHB Adam O'Hare
|
0-0: Called Strike 0-1: Ball 1-1: Called Strike 1-2: Strikes out swinging
|
| Bottom of the 4th over - 0 runs, 0 hits, 0 errors, 0 left on base; Memphis 2 - Iowa 0 |
| TOP OF THE 5TH |
|
Memphis Redbirds batting - Pitching for Iowa Cubs : LHP Jesse Fields
|
|
Batting: LHB Kyle Schaible
|
0-0: Ground out 6-3 (Groundball, 6, EV 101.9 MPH)
|
|
Batting: LHB John Bailey
|
0-0: Called Strike 0-1: Ball 1-1: Called Strike 1-2: Ball 2-2: Ball 3-2: Base on Balls
|
|
Batting: RHB Joe Smack
|
0-0: Called Strike 0-1: Ball 1-1: SINGLE (Line Drive, 3L, EV 95.0 MPH) John Bailey to second
|
|
Batting: RHB Josh Martin
|
0-0: Called Strike 0-1: Foul Ball, location: 2F 0-2: 3-RUN HOME RUN (Flyball, 7LD, EV 94.4 MPH), Distance : 340 ft
|
|
Pitching: RHP Arnaldo Cardamenho
|
|
|
Batting: RHB Jeff Brower
|
0-0: Called Strike 0-1: Ground out 5-3 (Groundball, 56S, EV 61.9 MPH)
|
|
Batting: RHB Danny Gallo
|
0-0: Called Strike 0-1: Ball 1-1: Foul Ball, location: 2F 1-2: Strikes out swinging
|
| Top of the 5th over - 3 runs, 2 hits, 0 errors, 0 left on base; Memphis 5 - Iowa 0 |
| BOTTOM OF THE 5TH |
|
Iowa Cubs batting - Pitching for Memphis Redbirds : LHP John Fisher
|
|
Batting: RHB Brian Gargis
|
0-0: Ball 1-0: Called Strike 1-1: Called Strike 1-2: Foul Ball, location: 2F 1-2: Strikes out swinging
|
|
Batting: RHB Rich Thurman
|
0-0: Foul Ball, location: 2F 0-1: Ball 1-1: Swinging Strike 1-2: Strikes out swinging
|
|
Batting: LHB Mark Ingram
|
0-0: Ball 1-0: Ball 2-0: Foul Ball, location: 2F 2-1: Foul Ball, location: 2F 2-2: Foul Ball, location: 2F 2-2: Strikes out looking
|
| Bottom of the 5th over - 0 runs, 0 hits, 0 errors, 0 left on base; Memphis 5 - Iowa 0 |
| TOP OF THE 6TH |
|
Memphis Redbirds batting - Pitching for Iowa Cubs : RHP Arnaldo Cardamenho
|
|
Batting: RHB Fabrice Bertin
|
0-0: Ball 1-0: Ball 2-0: Swinging Strike 2-1: Ball 3-1: Base on Balls
|
|
Batting: LHB Adam Eisen
|
0-0: Ball 1-0: Called Strike 1-1: Called Strike 1-2: Strikes out swinging
|
|
Batting: RHB Jose Rivera
|
0-0: Foul Ball, location: 2F 0-1: Foul Ball, location: 2F 0-2: Ball 1-2: Strikes out looking
|
|
Batting: LHB Kyle Schaible
|
0-0: Ball 1-0: Ground out 5-3 (Groundball, 56S, EV 84.4 MPH)
|
| Top of the 6th over - 0 runs, 0 hits, 0 errors, 1 left on base; Memphis 5 - Iowa 0 |
| BOTTOM OF THE 6TH |
|
Iowa Cubs batting - Pitching for Memphis Redbirds : LHP John Fisher
|
|
Batting: SHB Gabriel Cruz
|
0-0: Foul Ball, location: 2F 0-1: Ball 1-1: Swinging Strike 1-2: Ball 2-2: Fly out, F4 (Flyball, 34D, EV 81.2 MPH)
|
|
Batting: RHB Pat Barton
|
0-0: Swinging Strike 0-1: Ball 1-1: Foul Ball, location: 2F 1-2: Ball 2-2: Foul Ball, location: 2F 2-2: Ball 3-2: Strikes out looking
|
|
Batting: SHB Seung-ho Zhang
|
0-0: SINGLE (Groundball, 6D, EV 94.4 MPH)
|
|
Batting: RHB Jon Aguilar
|
0-0: Fielders Choice at 2nd, 6-4 (Groundball, 6, EV 102.5 MPH)
|
| Bottom of the 6th over - 0 runs, 1 hit, 0 errors, 1 left on base; Memphis 5 - Iowa 0 |
| TOP OF THE 7TH |
|
Memphis Redbirds batting - Pitching for Iowa Cubs : RHP Arnaldo Cardamenho
|
|
Batting: LHB John Bailey
|
0-0: Ball 1-0: Ball 2-0: Ball 3-0: Called Strike 3-1: Called Strike 3-2: Foul Ball, location: 2F 3-2: Base on Balls
|
|
Batting: RHB Joe Smack
|
0-0: Foul Ball, location: 2F 0-1: Swinging Strike 0-2: Ball 1-2: Ball 2-2: Strikes out swinging
|
|
Batting: RHB Josh Martin
|
0-0: Ball 1-0: Swinging Strike Pickoff Throw to First - Out! 1-3 CS 1-1: Fly out, F8 (Flyball, 8RD, EV 81.9 MPH)
|
| Top of the 7th over - 0 runs, 0 hits, 0 errors, 0 left on base; Memphis 5 - Iowa 0 |
| BOTTOM OF THE 7TH |
|
Iowa Cubs batting - Pitching for Memphis Redbirds : LHP John Fisher
|
|
Batting: RHB Ricardo Aguinaga
|
0-0: Ball 1-0: Ball 2-0: Called Strike 2-1: Ball 3-1: Base on Balls
|
|
Batting: RHB Adam O'Hare
|
0-0: Foul Ball, location: 2F 0-1: DOUBLE (Line Drive, 9LD, EV 108.1 MPH) Ricardo Aguinaga to third
|
|
Pinch Runner at 2nd Sumiki Okuhara:
|
|
|
Batting: RHB Brian Gargis
|
0-0: Called Strike 0-1: Foul Ball, location: 2F 0-2: Foul Ball, location: 2F 0-2: Strikes out swinging
|
|
Batting: RHB Rich Thurman
|
0-0: Called Strike 0-1: Called Strike 0-2: Strikes out swinging
|
|
Pitching: RHP Doug Nickey
|
|
|
Batting: LHB Mark Ingram
|
0-0: Called Strike 0-1: Ball 1-1: Ground out U3 (Groundball, 3, EV 98.8 MPH)
|
| Bottom of the 7th over - 0 runs, 1 hit, 0 errors, 2 left on base; Memphis 5 - Iowa 0 |
| TOP OF THE 8TH |
|
Memphis Redbirds batting - Pitching for Iowa Cubs : RHP Arnaldo Cardamenho
|
|
Batting: RHB Jeff Brower
|
0-0: Called Strike 0-1: Swinging Strike 0-2: Ball 1-2: Ball 2-2: Foul Ball, location: 2F 2-2: Strikes out looking
|
|
Batting: RHB Danny Gallo
|
0-0: Ball 1-0: Called Strike 1-1: Reached on error, E4 (Groundball, 34, EV 105.6 MPH)
|
|
Batting: RHB Fabrice Bertin
|
0-0: Foul Ball, location: 2F 0-1: SINGLE (Groundball, 34S, EV 70.0 MPH) (infield hit) Danny Gallo to second
|
|
Batting: LHB Adam Eisen
|
0-0: Ball 1-0: Called Strike 1-1: Swinging Strike 1-2: Ball Wild Pitch! Danny Gallo to third Fabrice Bertin to second 2-2: Strikes out swinging
|
|
Batting: RHB Jose Rivera
|
0-0: Called Strike 0-1: Called Strike 0-2: Strikes out looking
|
| Top of the 8th over - 0 runs, 1 hit, 1 error, 2 left on base; Memphis 5 - Iowa 0 |
| BOTTOM OF THE 8TH |
|
Iowa Cubs batting - Pitching for Memphis Redbirds : RHP Doug Nickey
|
|
Batting: SHB Gabriel Cruz
|
0-0: Called Strike 0-1: Swinging Strike 0-2: Ball 1-2: Strikes out swinging
|
|
Batting: RHB Pat Barton
|
0-0: Swinging Strike 0-1: Ball 1-1: Ball 2-1: Ball 3-1: Fly out, F8 (Line Drive, 78M, EV 105.6 MPH)
|
|
Batting: SHB Seung-ho Zhang
|
0-0: Ball 1-0: Ball 2-0: Foul Ball, location: 2F 2-1: Foul Ball, location: 2F 2-2: Strikes out looking
|
| Bottom of the 8th over - 0 runs, 0 hits, 0 errors, 0 left on base; Memphis 5 - Iowa 0 |
| TOP OF THE 9TH |
|
Memphis Redbirds batting - Pitching for Iowa Cubs : RHP Arnaldo Cardamenho
|
|
Batting: LHB Kyle Schaible
|
0-0: Foul Ball, location: 2F 0-1: Ground out 4-3 (Groundball, 4MD, EV 86.2 MPH)
|
|
Batting: LHB John Bailey
|
0-0: Ball 1-0: Ball 2-0: Foul Ball, location: 2F 2-1: Foul Ball, location: 2F 2-2: Foul Ball, location: 2F 2-2: TRIPLE (Flyball, 78XD, EV 102.5 MPH)
|
|
Pitching: RHP Michele Montella
|
|
|
Batting: RHB Joe Smack
|
0-0: Ball 1-0: Ball 2-0: Ground out 5-3 (Groundball, 56, EV 85.6 MPH) John Bailey scores
|
|
Batting: RHB Josh Martin
|
0-0: Ball 1-0: Ball 2-0: Swinging Strike 2-1: Called Strike 2-2: Ball 3-2: Strikes out swinging
|
| Top of the 9th over - 1 run, 1 hit, 0 errors, 0 left on base; Memphis 6 - Iowa 0 |
| BOTTOM OF THE 9TH |
|
Iowa Cubs batting - Pitching for Memphis Redbirds : RHP Doug Nickey
|
|
Batting: RHB Jon Aguilar
|
0-0: Ground out 1-3 (Groundball, 13S, EV 75.0 MPH)
|
|
Batting: RHB Ricardo Aguinaga
|
0-0: Ball 1-0: Foul Ball, location: 2F 1-1: Called Strike 1-2: Hit by Pitch
|
|
Batting: LHB Sumiki Okuhara
|
0-0: Ball 1-0: Called Strike 1-1: Ball 2-1: Foul Ball, location: 2F 2-2: SINGLE (Line Drive, 3D, EV 108.8 MPH) Ricardo Aguinaga to second
|
|
Batting: RHB Brian Gargis
|
0-0: Called Strike 0-1: Foul Ball, location: 2F 0-2: Ball 1-2: Strikes out swinging
|
|
Batting: RHB Rich Thurman
|
0-0: Ball 1-0: Foul Ball, location: 2F 1-1: Ball 2-1: Ball 3-1: Base on Balls Ricardo Aguinaga to third Sumiki Okuhara to second
|
|
Batting: LHB Mark Ingram
|
0-0: Fielders Choice at 2nd, 5-4 (Groundball, 6, EV 100.0 MPH)
|
| Bottom of the 9th over - 0 runs, 1 hit, 0 errors, 3 left on base; Memphis 6 - Iowa 0 |
|